Map: Ruins of Endion

Players

SoulKhan - Winner!

  • Race: Zerg Zerg
  • League: Master

Pokebunny

  • Race: Terran Terran
  • League: Grandmaster

VOD

Have the link to the VOD?

Description

Time

  • Played on: April 4, 2016, 11:29 p.m.
  • Length: 11:40
Show
View Real Time Build Order
Export as new Build Order

SoulKhan Zerg - Winner!

Build Orders: Hatch First 

Get SALT Encoding   

  12  0:01  Drone  
  13  0:13  Overlord  
  13  0:18  Drone  
  14  0:31  Drone x2  
  16  0:39  Drone  
  17  0:53  Hatchery  
  17  0:56  Drone  
  17  0:59  Drone  
  18  1:11  Extractor  
  17  1:16  Spawning Pool  
  17  1:17  Drone  
  17  1:20  Drone  
  18  1:29  Drone  
  19  1:40  Overlord  
  19  1:51  Drone  
  20  2:04  Queen, Roach Warren  
  20  2:07  Queen  
  23  2:15  Zergling x2  
  24  2:17  Zergling x2  
  24  2:20  Zergling x2  
  26  2:28  Overlord  
  26  2:46  Roach x5  
  36  2:52  Roach  
  39  2:58  Drone  
  39  3:03  Drone  
  40  3:08  Drone  
  41  3:15  Overlord  
  41  3:18  Drone x2  
  42  3:21  Drone  
  42  3:24  Drone  
  42  3:26  Metabolic Boost  
  43  3:36  Drone  
  43  3:37  Drone x3  
  46  3:46  Zergling x4  
  48  4:07  Drone x4  
  48  4:08  Overlord  
  48  4:09  Roach x2  
  46  4:19  Queen  
  46  4:20  Queen  
  46  4:22  Evolution Chamber  
  49  4:24  Roach  
  49  4:33  Zergling x6  
  49  4:35  Drone x5  
  57  4:47  Hatchery  
  56  4:55  Zergling x4  
  56  4:59  Extractor  
  55  5:04  Drone x4  
  54  5:21  Overlord x3  
  54  5:28  Spore Crawler  
  51  5:39  Queen  
  51  5:40  Extractor  
  51  5:41  Drone x4  
  51  5:42  Drone x4  
  60  5:49  Lair  
  60  5:53  Zerg Melee Weapons Level 1  
  60  5:58  Evolution Chamber  
  60  6:02  Extractor  
  60  6:04  Zergling x8  
  57  6:24  Drone x4  
  61  6:29  Queen  
  61  6:32  Roach  
  69  6:33  Roach x6  
  69  6:38  Zerg Ground Armor Level 1  
  76  6:42  Ravager x2  
  76  6:45  Zergling x6  
  81  6:49  Overlord  
  81  6:51  Overlord  
  81  6:58  Overseer  
  81  7:01  Overlord  
  81  7:02  Overlord  
  81  7:18  Ravager x5  
  86  7:30  Zergling x6  
  86  7:31  Zergling x22  
  98  7:42  Zergling x10  
  98  7:43  Overseer  
  103  7:47  Spire  
  101  7:51  Zergling x10  
  106  8:00  Roach  
  106  8:03  Zerg Melee Weapons Level 2  
  108  8:12  Zergling x10  
  100  8:17  Roach x3  
  100  8:19  Glial Reconstitution  
  97  8:21  Zergling x2  
  97  8:23  Zergling x2  
  99  8:41  Hatchery  
  98  8:49  Zerg Ground Armor Level 2  
  98  8:56  Overlord  
  98  8:57  Overlord x2  
  98  8:58  Overlord, Spore Crawler  
  97  9:29  Mutalisk  
  97  9:30  Mutalisk x4  
  106  9:40  Drone  
  106  9:41  Drone x6  
  99  9:53  Roach x4  
  99  9:59  Zergling x6  
  110  10:07  Ravager, Overseer  
  110  10:12  Roach  
  110  10:13  Roach x2  
  117  10:18  Roach x2  
  117  10:19  Zergling x2  
  122  10:23  Overlord x4  
  122  10:39  Overlord, Baneling Nest  
  122  10:40  Overlord x3  
  121  10:49  Zergling x2  
  122  10:52  Zergling x16  
  130  11:03  Roach x2  
  133  11:04  Ravager x8  
  133  11:05  Ravager  
  141  11:12  Zergling x6  
Show
View Real Time Build Order
Export as new Build Order

Pokebunny Terran 

Build Orders: Command Center First (CC), Liberator Opening, Bio Tank 

Get SALT Encoding   

  12  0:00  SCV  
  13  0:12  SCV  
  14  0:21  Supply Depot  
  14  0:24  SCV  
  15  0:43  SCV  
  16  0:55  SCV  
  17  0:59  Command Center  
  17  1:07  SCV  
  18  1:14  Barracks  
  18  1:19  SCV  
  18  1:21  Refinery  
  19  1:31  SCV  
  20  1:33  Refinery  
  20  1:43  SCV  
  21  2:00  Marine  
  21  2:01  Orbital Command  
  22  2:11  Orbital Command  
  22  2:15  Factory  
  22  2:20  Barracks Reactor  
  22  2:26  SCV  
  23  2:39  SCV x2  
  23  2:40  Supply Depot  
  25  2:51  SCV x2  
  27  3:00  Starport  
  27  3:03  SCV x2  
  27  3:05  Hellion  
  31  3:09  Hellion  
  33  3:17  Marine  
  33  3:20  Liberator  
  32  3:32  Hellion x2  
  34  3:38  SCV x2  
  34  3:40  Barracks Tech Lab  
  39  3:54  Hellion x2  
  33  4:11  Marine  
  33  4:17  SCV x2  
  34  4:41  Barracks  
  34  4:42  Barracks  
  34  4:46  Stimpack  
  34  4:48  SCV  
  34  4:52  SCV  
  36  5:00  Marine  
  36  5:07  Factory Tech Lab  
  37  5:08  Medivac  
  37  5:12  SCV x2  
  41  5:16  Supply Depot  
  34  5:37  Barracks Reactor, Marine x3, Siege Tank  
  34  5:38  Medivac  
  34  5:40  SCV x2  
  44  5:52  Supply Depot, SCV x2  
  44  5:54  Marine  
  44  5:55  Marine x2  
  49  6:13  Siege Tank, Marine x3  
  49  6:14  Marine  
  49  6:16  Medivac  
  55  6:19  SCV x2  
  55  6:25  Supply Depot  
  57  6:27  Marine  
  57  6:32  Marine x2  
  59  6:34  Marine x2  
  62  6:40  Supply Depot  
  64  6:47  Siege Tank, SCV x2  
  67  7:00  Marine x3  
  70  7:01  Marine x2  
  70  7:05  Supply Depot  
  72  7:13  Medivac  
  74  7:19  Siege Tank  
  77  7:26  Marine x3  
  77  7:27  Marine x2  
  82  7:35  SCV  
  82  7:36  SCV  
  84  7:38  Combat Shields  
  84  7:44  Marine  
  85  7:53  Supply Depot  
  85  7:58  Marine  
  86  8:04  Refinery, Supply Depot  
  86  8:05  Supply Depot  
  86  8:06  Marine x2  
  86  8:09  Marine  
  86  8:10  Marine  
  86  8:12  Siege Tank  
  63  8:26  Marine x3  
  66  8:30  SCV  
  67  8:41  Supply Depot  
  67  8:43  Marine x2  
  67  8:46  Siege Tank  
  67  8:48  Marine x3  
  74  8:52  Orbital Command  
  74  9:01  Marine  
  75  9:13  Marine x3  
  75  9:15  Starport Reactor  
  78  9:18  Siege Tank, Engineering Bay  
  78  9:19  Engineering Bay  
  81  9:31  Refinery  
  81  9:37  Command Center  
  81  9:41  Marine x3  
  81  9:42  Marine  
  81  9:54  Siege Tank  
  81  9:57  SCV  
  81  9:58  SCV  
  86  10:13  Marine x4  
  89  10:16  Missile Turret  
  89  10:18  Marine  
  82  10:24  SCV x2  
  80  10:30  Marine  
  80  10:31  Marine  
  81  10:36  SCV x2  
  81  10:42  Missile Turret  
  83  10:47  Siege Tank, Marine x2  
  83  10:48  Marine  
  89  10:52  Orbital Command, Missile Turret  
  89  10:58  Marine x2  
  89  11:01  SCV  
  92  11:05  SCV  
  82  11:20  Missile Turret  
  82  11:21  Marine x4  
Tags
 
Add a new tag
Caveats
  • Supply blocks, unpowered buildings, or Contaminate may cause inaccurate times.
  • Supply counts are checked every 10 seconds.